 Dungeon Crawl Stone Soup version 0.20-a0-507-gc86f373 (webtiles) character file.

254259 junb69 the Grappler (level 19, -3/193 HPs)
             Began as a Troll Monk on Jan 21, 2017.
             Was the Champion of Ashenzari.
             Slain by a tentacle (14 damage)
             ... attached to a kraken
             ... on level 4 of the Shoals.
             The game lasted 02:23:26 (41360 turns).

junb69 the Grappler (Troll Monk)                   Turns: 41360, Time: 02:23:26

Health: -3/193     AC: 19    Str: 24    XL:     19   Next: 40%
Magic:  40/40      EV: 14    Int: 11    God:    Ashenzari [******]
Gold:   1518       SH: 13    Dex: 16    Spells: 23/37 levels left

rFire    + . .     SeeInvis +     - Unarmed
rCold    . . .     Gourm    +   I - +0 swamp dragon scales (curse)
rNeg     . . .     Faith    .   D - +0 shield {reflect} (curse)
rPois    +         Spirit   .   e - +0 mask of the Dragon {MR+ Slay+3 SInv} (curse)
rElec    .         Reflect  +   z - +2 cloak {MR+} (curse)
rCorr    .         Harm     .   (gloves unavailable)
MR       +++..     Clarity  +   (boots unavailable)
Stlth    +.........             W - +3 amulet of reflection (curse)
Regen    0.9/turn               Y - ring of Beogh's Regard {rF+ MP+9 Int+3} (curse)
                                j - +4 ring of protection (curse)

@: repel missiles, very heavily drained
A: unfitting armour, claws 3, fast metabolism 3, gourmand, regeneration 1,
shaggy fur 1, tough skin 2
}: 1/15 runes: gossamer
a: Curse Item, Scrying, Transfer Knowledge, Renounce Religion


You were on level 4 of the Shoals.
You worshipped Ashenzari.
Ashenzari was exalted by your worship.
You were completely stuffed.

You visited 7 branches of the dungeon, and saw 35 of its levels.
You visited the Abyss 1 time.
You also visited: Sewer, Ossuary and Ice Cave.

You collected 4864 gold pieces.
You spent 3346 gold pieces at shops.

Inventory:

Missiles
 k - 15 throwing nets (quivered)
 F - 12 javelins
 Z - 5 large rocks
Armour
 e - the cursed +0 mask of the Dragon (worn) {MR+ Slay+3 SInv}
   (You bought it in a shop on level 2 of the Orcish Mines)

   It affects your accuracy and damage with ranged weapons and melee attacks
   (+3).
   It affects your resistance to hostile enchantments.
   It lets you see invisible.
   It has a curse placed upon it.
 z - a cursed +2 cloak of magic resistance (worn)
 D - a cursed +0 shield of reflection (worn)
 I - cursed +0 swamp dragon scales (worn)
Jewellery
 j - a cursed +4 ring of protection (left claw)
 W - a cursed +3 amulet of reflection (around neck)
 Y - the cursed ring of Beogh's Regard (right claw) {rF+ MP+9 Int+3}
   (You found it on level 5 of the Lair of Beasts)

   [ring of protection from fire]

   It affects your intelligence (+3).
   It protects you from fire.
   It affects your magic capacity (+9).
   It has a curse placed upon it.
Wands
 q - a wand of iceblast (6/15)
 s - a wand of acid (5/15)
 C - a wand of digging (7/24)
 J - a wand of lightning (10/15)
 T - a wand of scattershot (0/9)
 V - a wand of paralysis (13/24)
Scrolls
 i - a scroll of silence
 n - 4 scrolls of recharging
 o - a scroll of acquirement
 p - 2 scrolls of fog
 r - 2 scrolls of blinking
 w - a scroll of fear
 K - 6 scrolls of magic mapping
 L - 5 scrolls of enchant armour
 Q - 2 scrolls of remove curse
 R - 6 scrolls of teleportation
Potions
 a - 3 potions of invisibility
 c - 5 potions of lignification
 d - 6 potions of might
 h - 2 potions of beneficial mutation {unknown}
 l - 8 potions of agility
 m - 7 potions of curing
 t - a potion of cancellation {unknown}
 u - 6 potions of flight
 v - 6 potions of heal wounds
 A - 2 potions of resistance
 E - 7 potions of haste
 H - a potion of berserk rage {unknown}
 M - 5 potions of magic
 P - a potion of brilliance
 X - a potion of cure mutation {unknown}
Miscellaneous
 N - a lightning rod (4/4)
 O - a phial of floods (inert)
 S - a box of beasts
Comestibles
 b - 27 bread rations
 f - 15 meat rations
 g - 13 royal jellies
 x - 2 fruits
 B - 6 chunks of flesh


   Skills:
 * Level 13.2(9.4) Fighting
 * Level 2.1(0.0) Throwing
 - Level 5.0(5.9) Armour
 - Level 10.1(10.4) Dodging
 - Level 5.0(1.9) Stealth
 - Level 6.2(5.9) Shields
 - Level 14.3(10.4) Unarmed Combat
 - Level 9.7(6.2) Spellcasting
 - Level 4.4(5.3) Hexes
 - Level 3.0(3.6) Charms
 - Level 7.7(8.5) Transmutations
 - Level 2.1(2.3) Ice Magic
 - Level 1.0(0.5) Air Magic
 - Level 9.6(10.1) Earth Magic
 - Level 8.8(9.4) Evocations


You had 23 spell levels left.
You knew the following spells:

 Your Spells              Type           Power        Failure   Level  Hunger
a - Confusing Touch       Hex            ###...       10%         1    None
b - Ozocubu's Armour      Chrm/Ice       ##......     50%         3    ###....
c - Repel Missiles        Chrm/Air       #.....       38%         2    ##.....
d - Corona                Hex            ###....      10%         1    None
e - Statue Form           Tmut/Erth      ###......    99%         6    #######
f - Apportation           Tloc           #.....       58%         1    None


Dungeon Overview and Level Annotations

Branches:
Dungeon (15/15)            Temple (1/1) D:4            Lair (6/6) D:11
 Shoals (4/4) Lair:4       Spider (4/4) Lair:4        Slime (0/5) Lair:5
    Orc (2/2) D:12            Elf (3/3) Orc:2        Vaults (0/5) D:13
 Depths (0/5) D:15

Altars:
Ashenzari
Cheibriados
Dithmenos
Elyvilon
Fedhas
Gozag
Hepliaklqana
Kikubaaqudgha
Makhleb
Nemelex Xobeh
Okawaru
Qazlal
Ru
Sif Muna
Trog
Uskayaw
Vehumet
Xom
Yredelemnul
Zin
The Shining One
Beogh

Shops:
D:8 [*[:   Orc:1 !=   Orc:2 *((:[   Elf:2 *   Elf:3 *(   Shoals:3 [

Annotations:
D:5 1 runed door
Shoals:4 HEYYEYAAE's ghost, adept TrBe
Spider:1 Asterion
Spider:3 exclusion: Roxanne, Roxanne


Innate Abilities, Weirdness & Mutations

You are too large for most types of armour.
You have claws for hands.
Your metabolism is lightning-fast.
You like to eat raw meat.
Your natural rate of healing is unusually fast.
You are covered in fur. (AC +1)
You have very tough skin. (AC +2)


Message History

The tentacle slaps you! x2
* * * LOW HITPOINT WARNING * * *
The tentacle closely misses you.
There is a stone staircase leading up, spattered with blood here.
Level annotation: HEYYEYAAE's ghost, adept TrBe Welcome back, junb69 the Troll Monk.
Ashenzari says: Partake of my vision.
Partake of my curse.
Press ? for a list of commands and other information.
The tentacle slaps you!
* * * LOW HITPOINT WARNING * * *
You block the tentacle's attack. x2; The tentacle slaps you!!
* * * LOW HITPOINT WARNING * * *
The tentacle closely misses you.
The tentacle slaps you but does no damage.
A tentacle segment bursts forth from the water. x3
The tentacle slaps you but does no damage.
The tentacle slaps you!
* * * LOW HITPOINT WARNING * * *
The tentacle slaps you!
You die...

≈≈≈≈≈≈≈≈#######≈≈≈#####**≈≈≈≈≈≈≈≈
≈≈≈≈≈≈≈≈#≈X≈≈≈≈≈≈≈.≈≈≈≈≈*≈≈≈≈≈≈≈≈
≈≈≈≈≈≈≈≈#w≈≈≈≈≈≈≈≈≈.≈≈≈X*≈≈≈≈≈≈≈≈
≈≈≈≈≈≈≈≈#≈≈$≈≈≈≈≈≈≈≈*%≈│*,,≈≈≈≈≈≈
≈≈≈≈≈≈≈≈#≈≈≈≈≈≈≈≈≈≈≈≈.│.*≈≈,,≈≈≈≈
≈≈≈≈≈≈≈≈#≈≈≈≈≈$≈≈≈≈≈≈.│.*≈,,,,,≈≈
≈≈≈≈≈≈≈≈#≈≈≈≈≈≈≈≈≈≈w.│≈.*,,,,,,,≈
≈≈≈≈≈≈≈≈≈≈≈≈≈≈\ww*≈..│..≈,,,,,,,≈
≈≈≈≈≈≈≈≈≈≈≈≈≈≈≈w@≈≈\/.≈.≈,,,,,,,,
≈≈≈≈≈≈≈≈≈≈≈≈≈≈≈≈ww≈/\.:≈,≈,,,,,,,
≈≈≈≈≈≈≈≈#≈≈≈≈≈≈≈≈≈≈≈.\..*,,,,,,,,
≈≈≈≈≈≈≈≈#≈≈≈≈≈≈≈≈≈≈≈≈≈>.*≈,,,,,,,
≈≈≈≈≈≈≈≈#≈≈≈≈≈≈≈≈..≈≈$≈≈*,,,,,,,,
≈≈≈≈≈≈≈,#≈≈(≈≈≈≈≈≈≈≈?≈≈≈*,,,,,,,,
≈≈,,,,,,#X≈≈≈≈≈≈≈≈≈≈≈≈X#*,,,,,,,,
,,,,,,,,*≈≈≈≈≈≈≈≈≈≈≈≈≈##≈≈,,,,,,,
,,,,,,,≈*******,,≈*****≈≈≈,,,,,,,


You could see 4 krakens and 7 tentacles.

Vanquished Creatures
  A tentacled starspawn (Abyss:2)
  Frances (D:13)
  A kraken (Shoals:3)
  5 deep elf blademasters (Elf:3)
  A deep elf master archer (Elf:3)
  Agnes (D:14)
  The ghost of Kidiri the Eclecticist, an adept DEFE of Vehumet (Spider:3)
  Donald (Spider:2)
  4 ghost moths (Spider:4)
  3 emperor scorpions
  An orc warlord (Orc:2)
  7 deep elf sorcerers
  5 deep elf elementalists (Elf:3)
  2 entropy weavers
  Nessos (D:13)
  2 spark wasps
  6 deep elf annihilators
  An ettin (D:15)
  5 merfolk impalers
  Josephine (D:11)
  2 deep elf high priests (Elf:3)
  Fannar (D:10)
  A deep elf death mage (Elf:3)
  9 hydras
  A rakshasa (D:13)
  2 vault guards (D:13)
  An ice dragon (Lair:5)
  A catoblepas (Lair:4)
  2 centaur warriors (D:15)
  A death knight (D:15)
  6 two-headed ogres
  A satyr (Shoals:3)
  3 merfolk aquamancers (Shoals:3)
  23 dancing weapons
  7 death yaks
  An alligator snapping turtle (Shoals:3)
  A tengu warrior (D:14)
  An orc high priest (Orc:2)
  Urug (D:10)
  A hell knight (D:15)
  13 deep elf knights
  9 skeletal warriors
  A fire crab (shapeshifter) (D:15)
  2 unseen horrors
  An unseen horror (shapeshifter) (Elf:1)
  3 wizards (D:13)
  A glowing orange brain (shapeshifter) (Elf:3)
  11 sea snakes
  A glowing orange brain (Abyss:2)
  2 starcursed masses (Abyss:2)
  A lindwurm (Lair:6)
  A swamp dragon (Lair:5)
  10 deep elf archers
  4 orc knights
  A necromancer (IceCv)
  14 orb spiders
  30 wolf spiders
  6 orc sorcerers
  3 harpies (Shoals:2)
  21 fauns
  5 manticores
  47 deep elf magi
  5 ugly things
  4 oklob plants (Lair:5)
  A cyclops (Shoals:3)
  A smoke demon (Abyss:2)
  4 water nymphs
  Maurice (D:9)
  7 merfolk sirens
  4 ice statues (IceCv)
  10 elephants (Lair:5)
  5 black mambas
  An apocalypse crab (Abyss:2)
  14 spiny frogs
  2 centaur skeletons
  A rime drake (Lair:5)
  A torpor snail (Spider:2)
  A yaktaur (D:13)
  12 demonic crawlers
  7 ice devils (IceCv)
  3 freezing wraiths
  2 efreet
  10 komodo dragons
  A tengu conjurer (D:14)
  9 polar bears
  9 trolls
  23 jumping spiders
  4 wind drakes
  3 meliai (D:13)
  19 merfolk
  Prince Ribbit (D:9)
  4 slime creatures
  7 hornets
  10 dream sheep
  11 blink frogs
  7 snapping turtles
  A hippogriff (shapeshifter) (D:15)
  9 hippogriffs
  31 redbacks
  4 air elementals
  6 wraiths
  56 yaks
  11 spriggans
  A spriggan (shapeshifter) (Elf:1)
  4 water elementals
  2 shadows
  17 tarantellas
  4 wyverns
  3 fire elementals
  5 basilisks
  17 humans (D:13)
  2 neqoxecs (Abyss:2)
  A steam dragon (D:14)
  Grum (D:9)
  3 small abominations (Abyss:2)
  2 hungry ghosts
  4 large abominations (Abyss:2)
  A soldier ant (D:15)
  2 vampire mosquitoes (D:10)
  4 wargs
  A harpy simulacrum (D:15)
  3 swamp worms (Lair:5)
  Menkaure (D:5)
  Edmund (D:6)
  2 swamp drakes (Lair:5)
  8 porcupines
  10 water moccasins
  A necrophage (D:6)
  3 sky beasts
  33 orc warriors
  5 black bears
  2 ice beasts
  A phantom (D:5)
  37 wolves
  5 boggarts (Lair:6)
  20 centaurs
  13 ogres
  3 big kobolds
  16 crocodiles
  16 bullfrogs
  3 earth elementals
  A water moccasin zombie (D:5)
  7 scorpions
  20 killer bees
  2 electric eels (Lair:1)
  6 howler monkeys
  4 crimson imps
  6 centaur zombies
  A wyvern simulacrum (D:13)
  A quasit (D:9)
  3 draconian simulacra (IceCv)
  2 hounds
  4 jellies
  23 orc wizards
  A bullfrog skeleton (D:13)
  21 orc priests
  3 gnoll shamans (D:3)
  5 iguanas
  Jessica (D:2)
  Ijyb (D:3)
  7 hell rats (Lair:4)
  10 worker ants
  2 troll simulacra (IceCv)
  A spriggan simulacrum (IceCv)
  2 big kobold zombies (Ossuary)
  2 centaur simulacra
  2 hound zombies
  2 hound skeletons (D:6)
  6 mummies (Ossuary)
  2 howler monkey zombies
  A worker ant zombie (D:6)
  41 gnolls
  A howler monkey skeleton (D:10)
  2 ogre simulacra (IceCv)
  11 adders
  A naga simulacrum (IceCv)
  A shadow imp (D:8)
  3 white imps
  6 oozes
  2 adder zombies
  6 worms
  2 dart slugs
  3 leopard geckos
  77 orcs
  5 giant cockroaches
  10 goblins
  8 hobgoblins
  27 jackals
  23 kobolds
  3 quokkas
  3 ball pythons
  9 bats
  6 frilled lizards
  4 hobgoblin zombies (Ossuary)
  A jackal skeleton (D:7)
  A jackal zombie (D:6)
  11 rats
  A fungus (Lair:5)
  3 plants
  5 tentacles
1307 creatures vanquished.

Vanquished Creatures (collateral kills)
  Arachne (Spider:4)
  A deep elf master archer (Elf:3)
  A deep elf blademaster (Elf:2)
  A spark wasp (Spider:4)
  A deep elf death mage (Elf:3)
  A demonic crawler (Spider:4)
  A jumping spider (Spider:4)
  A wraith (D:14)
  An earth elemental (Elf:3)
  An orc priest (D:14)
10 creatures vanquished.

Vanquished Creatures (others)
  3 deep elf master archers (Elf:3)
  A wizard (D:15)
  2 deep elf archers (Elf:2)
  An orb spider (Spider:3)
  A deep elf mage (Elf:3)
  A manticore (Shoals:1)
  A sky beast (D:10)
  5 centaurs
  20 fungi
  27 plants
  3 starspawn tentacles (Abyss:2)
  24 tentacles
89 creatures vanquished.

Grand Total: 1406 creatures vanquished

Notes
Turn   | Place    | Note
-------+----------+-------------------------------------------
     0 | D:1      | junb69 the Troll Monk began the quest for the Orb.
     0 | D:1      | Reached XP level 1. HP: 22/22 MP: 0/0
   230 | D:1      | Reached XP level 2. HP: 27/29 MP: 1/1
   479 | D:1      | Reached XP level 3. HP: 28/36 MP: 2/2
   842 | D:1      | Reached skill level 4 in Unarmed Combat
  1089 | D:2      | Noticed Jessica
  1093 | D:2      | Killed Jessica
  1093 | D:2      | Reached XP level 4. HP: 44/44 MP: 3/3
  1142 | D:2      | Found a sparkling altar of Nemelex Xobeh.
  1142 | D:2      | Found a white marble altar of Elyvilon.
  1142 | D:2      | Found a hazy altar of Hepliaklqana.
  1143 | D:2      | Found a stormy altar of Qazlal.
  1162 | D:2      | Found a hide-covered altar of Uskayaw.
  1376 | D:2      | Found a shimmering altar of Xom.
  1436 | D:2      | Found an ancient bone altar of Kikubaaqudgha.
  1623 | D:3      | Found a radiant altar of Vehumet.
  1649 | D:3      | Reached XP level 5. HP: 42/50 MP: 4/4
  1739 | D:3      | Noticed an ogre
  1755 | D:3      | Killed an ogre
  1755 | D:3      | Reached skill level 5 in Unarmed Combat
  1848 | D:3      | Reached XP level 6. HP: 59/59 MP: 5/5
  1879 | D:3      | Found a glowing silver altar of Zin.
  1879 | D:3      | Noticed an angel
  2136 | D:3      | Reached skill level 6 in Unarmed Combat
  2510 | D:2      | Reached XP level 7. HP: 56/66 MP: 6/6
  2535 | D:3      | HP: 2/66 [gnoll/club (6)]
  2647 | D:3      | Reached skill level 5 in Dodging
  3109 | D:3      | Noticed Ijyb
  3122 | D:3      | Killed Ijyb
  3411 | D:4      | Reached skill level 7 in Unarmed Combat
  4272 | D:4      | Reached XP level 8. HP: 75/75 MP: 7/7
  4425 | D:4      | Found a staircase to the Ecumenical Temple.
  4429 | Temple   | Entered the Ecumenical Temple
  4449 | Temple   | Became a worshipper of Ashenzari the Shackled
  4449 | Temple   | Reached * piety under Ashenzari
  4449 | Temple   | Reached ** piety under Ashenzari
  4491 | D:5      | Entered Level 5 of the Dungeon
  4637 | D:5      | Found a glowing drain.
  4662 | Sewer    | Entered a sewer
  5007 | D:5      | Found a radiant altar of Vehumet.
  5089 | D:5      | Found a glowing silver altar of Zin.
  5089 | D:5      | Noticed an angel
  5090 | D:5      | Found a runed door.
  5113 | D:5      | Noticed Menkaure
  5121 | D:5      | Killed Menkaure
  5121 | D:5      | Reached skill level 8 in Unarmed Combat
  5526 | D:6      | Noticed Edmund
  5571 | D:6      | Killed Edmund
  5573 | D:6      | Reached skill level 5 in Fighting
  5747 | D:6      | Identified the cursed +0 ring mail "Wuff" {Str+2}
  5843 | D:6      | Reached skill level 1 in Evocations
  5862 | D:6      | Found a shadowy altar of Dithmenos.
  5868 | D:6      | Reached XP level 9. HP: 79/88 MP: 7/9
  5909 | D:6      | Reached *** piety under Ashenzari
  6362 | D:7      | Found a sacrificial altar of Ru.
  7164 | D:8      | Found a sand-covered staircase.
  7181 | Ossuary  | Entered an ossuary
  7514 | D:8      | Reached skill level 9 in Unarmed Combat
  7584 | D:8      | Noticed a two-headed ogre
  7600 | D:8      | Killed a two-headed ogre
  7600 | D:8      | Reached skill level 5 in Evocations
  7600 | D:8      | Reached XP level 10. HP: 44/102 MP: 12/12
  7625 | D:8      | Found Romudgho's Antique Armour Shoppe.
  7679 | D:8      | Reached skill level 1 in Shields
  7742 | D:8      | Found Leor's Book Shoppe.
  7778 | D:8      | Bought a book of Misfortune for 240 gold pieces
  7780 | D:8      | Learned a level 1 spell: Confusing Touch
  7785 | D:8      | Found Tyxkabb's Assorted Antiques.
  7791 | D:8      | Bought a scroll of enchant armour for 172 gold pieces
  7804 | D:8      | Found Fagiaczu's Antique Armour Emporium.
  8083 | D:9      | Reached skill level 1 in Spellcasting
  8083 | D:9      | Reached skill level 1 in Hexes
  8116 | D:9      | Noticed Grum
  8148 | D:9      | Killed Grum
  8255 | D:9      | Reached **** piety under Ashenzari
  8484 | D:9      | Noticed Maurice
  8494 | D:9      | Killed Maurice
  8550 | D:9      | Noticed Prince Ribbit
  8592 | D:9      | Killed Prince Ribbit
  8642 | D:9      | Found a bloodstained altar of Trog.
  8844 | D:10     | Entered Level 10 of the Dungeon
  8854 | D:10     | Noticed Urug
  8873 | D:10     | Killed Urug
  8873 | D:10     | Reached XP level 11. HP: 72/109 MP: 12/14
  8948 | D:10     | Noticed Fannar
  9956 | D:10     | Killed Fannar
 10446 | D:11     | Reached ***** piety under Ashenzari
 10511 | D:11     | Reached skill level 5 in Shields
 10628 | D:11     | Noticed a cyan ugly thing
 10645 | D:11     | Killed a cyan ugly thing
 10706 | D:11     | Noticed Josephine
 10722 | D:11     | Killed Josephine
 10722 | D:11     | Reached skill level 10 in Unarmed Combat
 10779 | D:11     | Found a staircase to the Lair.
 11440 | Lair:1   | Entered Level 1 of the Lair of Beasts
 11481 | Lair:1   | Learned a level 3 spell: Ozocubu's Armour
 12208 | Lair:1   | Identified the ring "Woshraoj" {Fire +Fly Str+3 Int+4}
 12650 | Lair:2   | Reached XP level 12. HP: 110/118 MP: 16/16
 13491 | Lair:3   | Noticed an eight-headed hydra
 13785 | Lair:3   | Noticed a five-headed hydra
 13801 | Lair:3   | Killed a five-headed hydra
 14109 | Lair:3   | Killed an 11-headed hydra
 14496 | Lair:3   | Noticed an eight-headed hydra
 14523 | Lair:3   | Killed a 13-headed hydra
 14632 | Lair:3   | Learned a level 2 spell: Repel Missiles
 14767 | Lair:4   | Noticed a catoblepas
 14817 | Lair:4   | Killed a catoblepas
 14817 | Lair:4   | Reached XP level 13. HP: 97/128 MP: 18/18
 15235 | Lair:4   | Reached ****** piety under Ashenzari
 15238 | Lair:4   | Found a hole to the Spider Nest.
 15298 | Lair:4   | Found a staircase to the Shoals.
 16075 | Lair:5   | Found a staircase to the Slime Pits.
 16122 | Lair:5   | Found a frozen archway.
 16134 | Lair:5   | Reached skill level 5 in Spellcasting
 16198 | IceCv    | Entered an ice cave
 16661 | IceCv    | Reached skill level 11 in Unarmed Combat
 16808 | IceCv    | Identified the cursed +1 leather armour of Inokeu {rC+}
 17036 | Lair:5   | Reached skill level 10 in Fighting
 17904 | Lair:5   | Identified the +2 robe of Plasticity {Int+4}
 17993 | Lair:5   | Reached XP level 14. HP: 98/143 MP: 21/21
 18070 | Lair:5   | Identified the ring of Beogh's Regard {rF+ MP+9 Int+3}
 18437 | Lair:5   | Identified the +1 helmet of Vecex {MR++ Str-3 Stlth+}
 18570 | Lair:6   | Entered Level 6 of the Lair of Beasts
 18616 | Lair:6   | Reached skill level 1 in Armour
 18839 | Lair:6   | Reached skill level 12 in Unarmed Combat
 18953 | Lair:6   | Reached skill level 1 in Charms
 19559 | Lair:6   | Reached skill level 5 in Armour
 19606 | Lair:6   | Reached skill level 1 in Ice Magic
 19713 | Lair:6   | Reached skill level 1 in Air Magic
 19897 | Lair:6   | Learned a level 1 spell: Corona
 20290 | D:12     | Found a staircase to the Orcish Mines.
 21126 | Orc:1    | Entered Level 1 of the Orcish Mines
 21155 | Orc:1    | Found Peasch's Jewellery Shop.
 21333 | Orc:1    | Found a roughly hewn altar of Beogh.
 21439 | Orc:1    | Found Viebyseo's Food Emporium.
 21655 | Orc:1    | Found Fuos Box's Distillery.
 22019 | Orc:2    | Entered Level 2 of the Orcish Mines
 22041 | Orc:2    | Found a staircase to the Elven Halls.
 22234 | Orc:2    | Reached XP level 15. HP: 146/149 MP: 22/22
 22562 | Orc:2    | Found Paaxtaeh's Weapon Emporium.
 22844 | Orc:2    | Noticed an orc warlord
 22882 | Orc:2    | Killed an orc warlord
 23077 | Orc:2    | Paralysed by an orc sorcerer for 6 turns
 23340 | Orc:2    | Found a roughly hewn altar of Beogh.
 23353 | Orc:2    | Paralysed by an orc sorcerer for 3 turns
 23374 | Orc:2    | Found Sutaesk's General Store.
 23400 | Orc:2    | Found Pesa's Antique Weapon Boutique.
 23430 | Orc:2    | Found Reto's Antique Armour Boutique.
 23436 | Orc:2    | Bought the +0 mask of the Dragon {MR+ Slay+3 SInv} for 1269 gold pieces
 23487 | Orc:2    | Found Fileusaamp's Book Boutique.
 23493 | Orc:2    | Bought a book of the Earth for 650 gold pieces
 23500 | Orc:2    | Learned a level 6 spell: Statue Form
 23692 | Orc:1    | Bought a potion of magic for 104 gold pieces
 23692 | Orc:1    | Bought a potion of lignification for 39 gold pieces
 23692 | Orc:1    | Bought a potion of brilliance for 52 gold pieces
 23717 | Orc:1    | Bought a meat ration for 65 gold pieces
 23717 | Orc:1    | Bought a bread ration for 65 gold pieces
 23717 | Orc:1    | Bought a bread ration for 65 gold pieces
 23717 | Orc:1    | Bought a meat ration for 65 gold pieces
 23717 | Orc:1    | Bought a royal jelly for 26 gold pieces
 23717 | Orc:1    | Bought 3 fruits for 58 gold pieces
 23902 | D:13     | Reached skill level 1 in Earth Magic
 23925 | D:13     | Reached skill level 1 in Transmutations
 24130 | D:13     | Noticed Frances
 24134 | D:13     | Noticed Nessos
 24163 | D:13     | Killed Frances
 24702 | D:13     | Killed Nessos
 25157 | D:13     | Identified the +1 helmet of Democracy {rF+ MP-9 Str+5 Stlth+}
 25158 | D:13     | Found a gate to the Vaults.
 25604 | D:14     | Reached skill level 13 in Unarmed Combat
 25674 | D:14     | Noticed Agnes
 25950 | D:14     | Killed Agnes
 26363 | D:15     | Entered Level 15 of the Dungeon
 26802 | D:15     | Reached XP level 16. HP: 154/161 MP: 24/24
 26886 | D:15     | Found a staircase to the Depths.
 27187 | D:15     | Identified a scroll of acquirement
 27188 | D:15     | Identified the cursed +1 hat "Jysorigig" {rC+ Dex-3 Slay+2} (You acquired it on level 15 of the Dungeon)
 27372 | Spider:1 | Entered Level 1 of the Spider Nest
 27646 | Spider:1 | Noticed Asterion
 27662 | Spider:1 | Noticed an Executioner
 28117 | Spider:2 | Noticed Donald
 28140 | Spider:2 | Killed Donald
 28140 | Spider:2 | Reached skill level 5 in Earth Magic
 29112 | Spider:3 | Noticed Roxanne
 29180 | Spider:3 | Noticed Kidiri's ghost (adept DEFE)
 29307 | Spider:2 | Reached skill level 5 in Transmutations
 29904 | Spider:3 | Killed Kidiri's ghost
 30223 | Spider:4 | Entered Level 4 of the Spider Nest
 30690 | Spider:4 | Noticed Arachne
 30706 | Spider:4 | Killed Arachne
 30966 | Spider:4 | Reached XP level 17. HP: 164/169 MP: 0/27
 31452 | Spider:4 | Got a gossamer rune of Zot
 31766 | Orc:1    | Bought a fruit for 19 gold pieces
 31766 | Orc:1    | Bought a fruit for 19 gold pieces
 31766 | Orc:1    | Bought a meat ration for 65 gold pieces
 31766 | Orc:1    | Bought a meat ration for 65 gold pieces
 31795 | Elf:1    | Entered Level 1 of the Elven Halls
 32668 | Elf:1    | Identified the +2 plate armour of the Accordion {rC+}
 32932 | Elf:2    | Found Myossyar's Assorted Antiques.
 33033 | Elf:2    | Bought a scroll of identify for 80 gold pieces
 33033 | Elf:2    | Bought a scroll of identify for 80 gold pieces
 33033 | Elf:2    | Bought a scroll of identify for 80 gold pieces
 33064 | Elf:2    | Found a huge runed gate.
 33070 | Elf:2    | Found a huge runed gate.
 33070 | Elf:2    | Found a huge runed gate.
 33070 | Elf:2    | Found a huge runed gate.
 33072 | Elf:2    | Found a huge runed gate.
 33929 | Elf:2    | Noticed a deep elf blademaster
 34104 | Elf:2    | Killed a deep elf blademaster
 35164 | Elf:3    | Entered Level 3 of the Elven Halls
 35182 | Elf:3    | Reached XP level 18. HP: 153/179 MP: 30/30
 35470 | Elf:3    | Found Biem's Assorted Antiques.
 35475 | Elf:3    | Found Ylad's Weapon Shop.
 35478 | Elf:3    | Bought a scroll of identify for 68 gold pieces
 36596 | Elf:3    | Reached skill level 14 in Unarmed Combat
 37530 | Elf:3    | Learned a level 1 spell: Apportation
 37577 | Elf:3    | Identified the +1 plate armour "Arche Tugh" {Int+6} (You took it off a deep elf blademaster on level 3 of the Elven Halls)
 37681 | Elf:3    | Identified the ring "Alut" {Str+4 Dex+2}
 37694 | Elf:3    | Identified the Tome of Ashen Poison
 37717 | Elf:3    | Identified the Papyrus of Malediction
 38117 | Shoals:1 | Entered Level 1 of the Shoals
 38480 | Shoals:1 | Found an ancient bone altar of Kikubaaqudgha.
 39038 | Shoals:2 | Reached XP level 19. HP: 164/193 MP: 31/31
 39235 | Shoals:2 | Identified the cursed +0 scale mail of Polytheism {+Blink rElec rN+++ Dex-4}
 39768 | Shoals:3 | Reached skill level 10 in Dodging
 39971 | Shoals:3 | Cast into level 2 of the Abyss (merfolk aquamancer)
 40227 | Shoals:3 | Escaped the Abyss
 40493 | Shoals:3 | Found Muc Kole's Armour Shoppe.
 40700 | Shoals:3 | Reached skill level 1 in Throwing
 40981 | Shoals:4 | Entered Level 4 of the Shoals
 40983 | Shoals:4 | Noticed HEYYEYAAE's ghost (adept TrBe)
 41002 | Shoals:4 | Reached skill level 5 in Stealth
 41360 | Shoals:4 | Slain by a tentacle

Vault maps used:
D:1:      dpeg_arrival_morbid_curiosity
D:2:      lemuel_coloured_pillars_altar, overflow_temple_1_default,
          nicolae_overflow_crystal_walls, minitemple, uniq_jessica
D:3:      lemuel_castle_with_subvaults, vehumet_crystals, zin_angel,
          serial_curves, eino_curves_03, eino_curves_01, first_bread,
          uniq_terence, uniq_iyjb
D:5:      basic_altar, gup_sewer_entry_bubbles, lemuel_angel_altar,
          uniq_menkaure
D:6:      lemuel_doored_altar, uniq_edmund
D:7:      nicolae_ru_awakened_eye
D:8:      enter_ossuary_1, serial_shops, shop, nicolae_shop_window_shopping,
          shop, nicolae_shop_statue_plus
D:9:      trog_ov_bears_minmay, grunt_ogre_cave, uniq_maurice,
          uniq_prince_ribbit1, uniq_grum
D:10:     serial_co_window_serial, co_window_corner_a, co_window_cross_1,
          co_window_corner_a, co_window_corner_a, co_window_paths_b,
          co_window_broadway_b, co_window_corner_cb, co_window_corner_cb,
          co_window_paths_e, glass_columns_a, glass_columns_a, glass_columns_a,
          glass_columns_a, glass_columns_a, uniq_fannar, uniq_urug
D:11:     grunt_lair_entry_orc_guard_hut, minmay_item_behind_shaft,
          uniq_josephine
D:12:     orc_0_dummy
D:13:     grunt_vaults_entry_tiered, serial_ice, serial_ice_o, serial_ice_a,
          serial_ice_f, serial_ice_b, uniq_nessos, uniq_frances
D:14:     serial_bayou_ford_a, uniq_agnes
D:15:     hangedman_depths_entry_civil_slaughter
Temple:   jpeg_temple_island
Lair:1:   serial_bayou_shore_a, grunt_megastairs_4, lemuel_fruit_fields
Lair:3:   beast_lair_carwin_7, grunt_megastairs_1
Lair:4:   minmay_shoals_entry_centaurs, nicolae_spider_entry_orb_guardian
Lair:5:   onia_ninara_swampy_vault, slime_dummy,
          portal_ice_cave_entry_animals_and_master, lemuel_fruit_tree,
          minmay_lair_oklob_chamber
Lair:6:   minmay_lair_end_enchanted_forest, serial_bayou_pond_b, st_stairs_8
Shoals:1: lemuel_centaur_altar
Shoals:2: nicolae_shoals_seven_spires
Shoals:3: cheibrodos_shoals_epimethial_gifts, serial_shops, nicolae_shop_stone
Shoals:4: shoals_end_simple, shoals_ilsuiw_ice, nicolae_shoals_kraken_party
Spider:1: uniq_asterion
Spider:2: uniq_donald
Spider:3: uniq_roxanne
Spider:4: grunt_spider_rune_island, uniq_arachne
Orc:1:    serial_shops, shop, shop, shop_coins, mines1_david
Orc:2:    grunt_orc_cross, serial_shops,
          nicolae_shop_temple_entry_statues_fountains, nicolae_orc_crystal_geode
Elf:1:    hangedman_elf_represent, solitary_fountain
Elf:2:    serial_shops, shop, minivault_25
Elf:3:    minmay_elf_hall, nicolae_elf_big_sculpture_3, basic_stair_grate_trap,
          minmay_shop_star
Sewer:    sewer_the_crocodile
Ossuary:  ossuary_the_hunt_dpeg
IceCv:    ice_cave_tombish

Skill      XL: |  1  2  3  4  5  6  7  8  9 10 11 12 13 14 15 16 17 18 19 |
---------------+----------------------------------------------------------+-----
Dodging        | 3 4 5 7 8 9 10 | 10.1
Unarmed Combat | 4 5 6 7 8 9 10 11 12 13 14 | 14.3
Fighting       | 3 5 7 8 10 11 13 | 13.2
Evocations     | 1 5 8 |  8.8
Shields        | 3 6 |  6.2
Spellcasting   | 2 3 5 6 7 9 |  9.7
Hexes          | 3 4 |  4.4
Armour         | 5 |  5.0
Charms         | 3 |  3.0
Ice Magic      | 2 |  2.1
Air Magic      | 1 |  1.0
Stealth        | 3 5 |  5.0
Earth Magic    | 4 7 9 |  9.6
Transmutations | 3 6 7 |  7.7
Throwing       | 2 |  2.1

Action                   |  1- 3 |  4- 6 |  7- 9 | 10-12 | 13-15 | 16-18 | 19-21 || total
-------------------------+-------+-------+-------+-------+-------+-------+-------++-------
Melee: Unarmed           |    78 |   141 |   494 |   854 |  2012 |  1760 |   397 ||  5736
       Punch             |     1 |     2 |    25 |       |       |       |       ||    28
Throw: Throwing net      |       |     2 |     2 |     7 |       |       |     4 ||    15
       Javelin           |       |       |       |     5 |       |       |       ||     5
 Cast: Confusing Touch   |       |       |       |    10 |    43 |    15 |       ||    68
       Repel Missiles    |       |       |       |       |     3 |     9 |     2 ||    14
Invok: Curse Item        |       |       |     3 |     1 |     5 |     2 |       ||    11
       Scrying           |       |       |       |       |     1 |       |       ||     1
Evoke: Wand              |       |       |       |    12 |    29 |    20 |     4 ||    65
       Phial of floods   |       |       |       |       |     2 |     5 |     1 ||     8
       Phantom mirror    |       |       |       |       |     1 |       |       ||     1
       Lightning rod     |       |       |       |       |       |     4 |       ||     4
  Use: Scroll            |       |       |    12 |    14 |    13 |    20 |     5 ||    64
       Potion            |       |       |       |       |     3 |     6 |       ||     9
 Stab: Sleeping          |     1 |     2 |     7 |     4 |     8 |     4 |       ||    26
       Held in net/web   |       |     2 |     4 |     4 |       |     2 |     1 ||    13
       Confused          |       |       |       |     4 |    31 |     7 |       ||    42
       Paralysed         |       |       |       |     8 |    48 |    13 |       ||    69
       Distracted        |       |       |       |       |     3 |     1 |     1 ||     5
       Invisible         |       |       |       |       |       |     1 |     1 ||     2
       Petrifying        |       |       |       |       |       |       |     1 ||     1
  Eat: Chunk             |    15 |    13 |    48 |    65 |   113 |    75 |    22 ||   351
       Fruit             |       |       |       |     6 |     1 |    39 |       ||    46
       Meat ration       |       |       |       |       |       |     1 |       ||     1
Armor: Robe              |    38 |    47 |   152 |   174 |   103 |       |       ||   514
       Swamp dragon scal |       |       |       |       |   300 |   626 |   113 ||  1039
Dodge: Dodged            |    61 |    88 |   293 |   351 |   828 |   990 |   189 ||  2800
       Deflected         |       |       |       |       |     3 |    34 |     7 ||    44
Block: Shield            |       |       |       |   350 |  1138 |  1401 |   266 ||  3155
       Reflection        |       |       |       |       |    14 |    93 |    19 ||   126
